 Dungeon Crawl Stone Soup version 0.30.0-19-g36f170ea60 (webtiles) character file.

Game seed: 10860920454347078181

694 Josd the Ruffian (level 7, -1/67 HPs)
             Began as a Troll Fighter on June 1, 2023.
             Was a Plaything of Xom.
             Killed by static electricity
             ... invoked by topfpfpflanze's ghost
              (2 damage)
             ... on level 4 of the Dungeon.
             The game lasted 00:14:24 (3709 turns).

Josd the Ruffian (Troll Fighter)                    Turns: 3709, Time: 00:14:25

Health: -1/67      AC:  6    Str: 25 (27) XL:     7   Next: 37%
Magic:  6/6        EV:  1    Int:  3 (4)  God:    Xom [....*.]
Gold:   183        SH:  0    Dex: -19 (9) Spells: 6/6 levels left

rFire   + .          .
                       - Unarmed
rCold   + . .        b - +0 kite shield
rNeg    . . .        t - +2 robe {rC+ rF+}
rPois   .            (helmet restricted)
rElec   .            (no cloak)
rCorr   .            (gloves unavailable)
SInv    .            (boots unavailable)
Will    .....        v - amulet of magic regeneration Stlth
                     (no ring)
HPRegen 1.11/turn    (no ring)
MPRegen 0.50/turn

%: no passive effects
@: lethally poisoned (-1 -> -4), cleaving, hasted and slowed, lost dexterity
A: large, unfitting armour, claws 3, regeneration 1, shaggy fur 1, tough skin 1
a: Renounce Religion


You were on level 4 of the Dungeon.
You worshipped Xom.
You were a beloved toy of Xom.
You visited 1 branch of the dungeon, and saw 4 of its levels.

You collected 183 gold pieces.

Inventory:

Hand Weapons
 p - a +0 spear
Missiles
 d - 3 large rocks (quivered)
 f - 6 boomerangs
 n - a throwing net
 r - 5 javelins
 u - 2 atropa-tipped darts
 w - 15 stones
Armour
 b - a +0 kite shield (worn)
 k - a +0 scale mail of cold resistance
 t - a +2 robe of resistance (worn)
Jewellery
 v - an amulet of magic regeneration (around neck)
Scrolls
 h - 5 scrolls of vulnerability
 q - 4 scrolls of teleportation
 x - a scroll of immolation
Potions
 a - a potion of berserk rage {unknown}
 c - a potion of might
 e - a potion of brilliance {unknown}
 i - 4 potions of mutation {unknown}
 j - 5 potions of flight {unknown}
 l - a potion of invisibility {unknown}


   Skills:
 + Level 3.3 Fighting
 + Level 4.2 Dodging
 + Level 0.3 Stealth
 + Level 3.9 Shields
 + Level 5.6 Unarmed Combat


You had 6 spell levels left.
You didn't know any spells.
Your spell library was empty.

Dungeon Overview and Level Annotations

Branches:
Dungeon (4/15)
 Temple: D:4-7

Altars:
Xom

Shops:
D:1 *

Annotations:
D:4 topfpfpflanze's ghost, amateur OpAE


Innate Abilities, Weirdness & Mutations

You are too large for most types of armour.
You have claws for hands.
Your natural rate of healing is unusually fast.
You are covered in fur. (AC +1)
You have tough skin. (AC +1)


Message History

* * * LOW HITPOINT WARNING * * *
* * * LOW HITPOINT WARNING * * *
You feel extremely sick.
You feel better.
Xom's attention almost turns to you for a moment.
Dim shapes swim through the translucent wall.
Topfpfpflanze's ghost hits you.
* * * LOW HITPOINT WARNING * * *
You are lethally poisoned!
Topfpfpflanze's ghost hits you but does no damage.
You are more poisoned.
You feel better. Topfpfpflanze's ghost hits you.
* * * LOW HITPOINT WARNING * * *
You are poisoned.
You feel very sick. Topfpfpflanze's ghost hits you.
* * * LOW HITPOINT WARNING * * *
You are more poisoned.
It was a potion of degeneration.
There was something very wrong with that liquid.
You feel weakened.
You feel dopey.
You feel clumsy.
Xom is amused.
Xom thinks this is hilarious!
* * * LOW HITPOINT WARNING * * *
You feel very sick.
Topfpfpflanze's ghost casts a spell at you.
The zap hits you but does no damage.
It was a potion of haste.
You feel yourself speed up.
Xom thinks this is hilarious!
* * * LOW HITPOINT WARNING * * *
You feel very sick.
Topfpfpflanze's ghost casts a spell.
You are struck by an arc of lightning.
* * * LOW HITPOINT WARNING * * *
Topfpfpflanze's ghost is struck by an arc of lightning.
You are struck by an arc of lightning.
* * * LOW HITPOINT WARNING * * *
Topfpfpflanze's ghost is struck by an arc of lightning.
You are struck by an arc of lightning.
You die...
Xom laughs nastily!

>.#.##..#....##.##.# #.#
### .#.#.#$..#...#.##.#
#.# ...#..#.##..##....#
#.# #.##.#...#.#©..###
#.##### ##..#)#.....##.##
#...... #..©#[=.©#...#.#
####### ###...#..#...#.#.#
####....##.....#W##.#
#.......#..#.#.@.#..#
#..####.#..#.#...#.># ..
#.##.......#..# .
#..###.©.###..############
##...#####.......))).....#
###.).))..##.##########.#
##########.# #.# #.#


You could see topfpfpflanze's ghost.

Vanquished Creatures
  A black bear (D:4)
  An ogre (D:4)
  A jelly (D:4)
  4 quasits (D:4)
  A hound (D:4)
  An orc priest (D:3)
  A gnoll bouda (D:4)
  Jessica (D:2)
  2 orc wizards
  An iguana (D:4)
  3 adders
  9 gnolls (D:4)
  A worm (D:3)
  A dart slug (D:1)
  7 orcs
  7 endoplasms
  2 giant cockroaches
  12 goblins
  8 hobgoblins
  2 kobolds
  2 quokkas
  6 ball pythons
  5 bats
  3 frilled lizards
  3 rats
85 creatures vanquished.

Notes
Turn   | Place    | Note
-------+----------+-------------------------------------------
     0 | D:1      | Josd the Troll Fighter began the quest for the Orb.
     0 | D:1      | Reached XP level 1. HP: 22/22 MP: 0/0
    31 | D:1      | Reached XP level 2. HP: 24/29 MP: 1/1
   108 | D:1      | Found Vogumiw's General Store.
   373 | D:1      | Reached XP level 3. HP: 36/36 MP: 2/2
  1210 | D:2      | Noticed Jessica
  1236 | D:2      | Killed Jessica
  1251 | D:2      | Reached skill level 3 in Unarmed Combat
  1251 | D:2      | Reached XP level 4. HP: 44/44 MP: 3/3
  2005 | D:3      | Reached XP level 5. HP: 53/53 MP: 4/4
  2436 | D:3      | Found a faded altar of an unknown god.
  2515 | D:3      | Prayed at the altar of an unknown god.
  2515 | D:3      | Became a worshipper of Xom the Fickle
  2611 | D:4      | XOM: stealth player
  2611 | D:4      | Noticed an ogre
  2616 | D:4      | Killed an ogre
  2617 | D:4      | Reached skill level 4 in Unarmed Combat
  2620 | D:4      | Reached XP level 6. HP: 61/61 MP: 5/5
  2647 | D:4      | Reached skill level 5 in Unarmed Combat
  2792 | D:4      | Noticed topfpfpflanze's ghost (amateur OpAE)
  2806 | D:4      | Found a transporter.
  2885 | D:4      | Found a transporter.
  2916 | D:4      | Lost dexterity.
  2920 | D:4      | Reached XP level 7. HP: 35/67 MP: 6/6
  2925 | D:4      | XOM: enchant monster (bad)
  2926 | D:4      | XOM: smoke on damage
  2930 | D:4      | XOM: potion effect (haste)
  2941 | D:4      | XOM: enchant monster (good)
  3147 | D:4      | XOM: cloud trail
  3649 | D:4      | XOM: noise
  3693 | D:4      | XOM: cleaving
  3704 | D:4      | HP: 2/67 [poisoned by topfpfpflanze's ghost]
  3705 | D:4      | XOM: silly message
  3709 | D:4      | HP: 2/67 [topfpfpflanze's ghost/static electricity (2)]
  3709 | D:4      | Killed from afar by topfpfpflanze's ghost

Illustrated notes

Levels and vault maps discovered:
D:1:      dpeg_arrival_orchard, layout_basic, serial_shops, shop_fountains,
          minmay_misc_feat_roman
D:2:      layout_basic, kennysheep_boxes, uniq_jessica
D:3:      layout_basic, shapermc_ecumenical_altar_gd, kennysheep_doodads,
          supply_closet_lemuel
D:4:      layout_loops_ring, gammafunk_temple_overflow_statue,
          gammafunk_ghost_stat_death, uniq_natasha, uniq_blork_the_orc

Skill      XL: |  1  2  3  4  5  6  7 |
---------------+----------------------+-----
Shields        | 3 |  3.9
Unarmed Combat | 3 4 5 |  5.6
Dodging        | 3 4 |  4.2
Fighting       | 3 |  3.3
Stealth        | |  0.3

Action                     |  1- 3 |  4- 6 |  7- 9 || total
---------------------------+-------+-------+-------++-------
  Melee: Unarmed           |    79 |   146 |    24 ||   249
  Throw: Large rock        |       |     1 |       ||     1
    Use: Scroll            |       |    10 |       ||    10
         Potion            |       |       |     8 ||     8
   Stab: Sleeping          |       |     1 |       ||     1
 Armour: Robe              |    21 |   125 |   139 ||   285
  Dodge: Dodged            |    28 |   106 |    14 ||   148
  Block: Kite shield       |    29 |    69 |       ||    98
